 Dungeon Crawl Stone Soup version 0.31-a0-1522-g43313d8a59 (webtiles) character file.

Game seed: 15506565000322806809

3542 Flugkiller the Mimic (level 10, -15/66 HPs)
             Began as an Octopode Alchemist on Dec 30, 2023.
             Was an Elder of Okawaru.
             Demolished by an orc warlord
             ... wielding a +7 battleaxe
              (31 damage)
             ... in a bailey.
             The game lasted 00:19:10 (4388 turns).

Flugkiller the Mimic (Octopode Alchemist)           Turns: 4388, Time: 00:19:11

Health: -15/66     AC:  3    Str:  7    XL:     10   Next: 9%
Magic:  7/25       EV: 12    Int: 25    God:    Okawaru [****..]
Gold:   199        SH:  9    Dex: 16    Spells: 12/17 levels left

rFire   . . .        j - +1 dagger (venom)
rCold   + . .        E - +0 buckler
rNeg    . . .        z - +2 hat
rPois   .            e - amulet of reflection
rElec   .            l - ring of magical power
rCorr   .            y - +6 ring of intelligence
SInv    .            p - ring of protection from fire
Will    .....        c - ring of ice
Stlth   +++          (no ring)
HPRegen 0.31/turn    (no ring)
MPRegen 0.19/turn    (no ring)
                     (no ring)

%: reflection
@: no status effects
A: almost no armour, amphibious, 8 rings, camouflage 1, gelatinous body 1,
(nimble swimmer 1), tentacles
a: Renounce Religion, Heroism, Finesse


You were in a bailey.
You worshipped Okawaru.
Okawaru was greatly pleased with you.
You visited 1 branch of the dungeon, and saw 7 of its levels.
You also visited: Sewer and Bailey.

You collected 273 gold pieces.
You spent 74 gold pieces at shops.

Inventory:

Hand Weapons
 j - a +1 dagger of venom (weapon)
   (You found it on level 2 of the Dungeon)
 n - the +1 hand axe of the Powerful God {spect, rPois rC+ rCorr}
   (You found it on level 4 of the Dungeon)

   rC+:       It protects you from cold.
   rPois:     It protects you from poison rCorr: It protects you from acid and
   corrosion.
Missiles
 q - a curare-tipped dart
Armour
 z - a +2 hat (worn)
   (You found it on level 5 of the Dungeon)
 E - a +0 buckler (worn)
   (You took it off a gnoll sergeant on level 7 of the Dungeon)
Magical Staves
 b - a staff of conjuration
   (You found it on level 1 of the Dungeon)
Jewellery
 c - a ring of ice (on tentacle)
   (You found it on level 1 of the Dungeon)
 e - an amulet of reflection (around mantle)
   (You found it on level 3 of the Dungeon)
 l - a ring of magical power (left tentacle)
   (You found it on level 3 of the Dungeon)
 p - a ring of protection from fire (on tentacle)
   (You took it off a hobgoblin on level 4 of the Dungeon)
 y - a +6 ring of intelligence (right tentacle)
   (You found it on level 5 of the Dungeon)
Talismans
 f - a serpent talisman
   (You found it on level 2 of the Dungeon)
 s - a blade talisman
   (You found it on level 3 of the Dungeon)
Wands
 g - a wand of iceblast (14)
   (You found it on level 2 of the Dungeon)
Scrolls
 i - 3 scrolls of vulnerability
 k - a scroll of fog
 m - a scroll of brand weapon
 r - a scroll of butterflies {unknown}
 t - 2 scrolls of teleportation
 v - 2 scrolls of immolation
 C - a scroll of fear
Potions
 a - 2 potions of magic
 d - 3 potions of might
 h - 3 potions of haste
 o - 4 potions of mutation
 u - 3 potions of cancellation
 w - 3 potions of heal wounds
 x - 2 potions of degeneration {unknown}
 A - a potion of enlightenment {unknown}
 B - a potion of brilliance {unknown}
 F - a potion of ambrosia {unknown}
 G - a potion of experience {unknown}


   Skills:
 - Level 5.0 Fighting
 - Level 2.0 Dodging
 - Level 2.6 Stealth
 - Level 5.0 Unarmed Combat
 - Level 4.1 Spellcasting
 - Level 1.0 Conjurations
 - Level 7.0 Alchemy
 - Level 2.0 Invocations
 + Level 8.8 Shapeshifting


You had 12 spell levels left.
You knew the following spells:

 Your Spells              Type           Power      Damage    Failure   Level
a - Sting                 Conj/Alch      100%       1d9       3%          1
b - Olgreb's Toxic Radia  Alch           40%        N/A       9%          4

Your spell library contained the following spells:

 Spells                   Type           Power      Damage    Failure   Level
 Mercury Vapours          Alch/Air       44%        N/A       5%          2
 Foxfire                  Conj/Fire      28%        2x1d5     12%         1
 Mephitic Cloud           Conj/Alch/Air  18%        N/A       16%         3
 Ensorcelled Hibernation  Hex/Ice        14%        N/A       22%         2
 Scorch                   Fire           10%        2d5       22%         2
 Sticky Flame             Fire/Alch      22%        2d6       34%         4
 Frozen Ramparts          Ice            14%        1d3       41%         3
 Gell's Gravitas          Tloc           5%         N/A       41%         3
 Teleport Other           Tloc           5%         N/A       41%         3
 Conjure Ball Lightning   Conj/Air       3%         3x3d6     100%        6
 Dispersal                Tloc           2%         N/A       100%        6
 Discord                  Hex            2%         N/A       100%        8
 Disjunction              Tloc           2%         N/A       100%        8


Dungeon Overview and Level Annotations

Branches:
Dungeon (7/15) Zot: 26480   Sewer (visited)          Bailey (1/1) Zot: 5512
 Temple: D:4-7

Altars:
Fedhas
Gozag
Makhleb
Nemelex Xobeh
Okawaru
Qazlal
Ru
Trog
Uskayaw
Zin
The Shining One

Shops:
D:3 *   D:4 *   D:6 (:*


Innate Abilities, Weirdness & Mutations

You cannot wear most types of armour.
You are amphibious.
You can wear up to eight rings at the same time.
Your skin changes colour to match your surroundings (Stealth+).
Your rubbery body absorbs attacks. (AC +1, EV +1)
((You are camouflaged when in or above water. (Stealth+)))
You have tentacles for arms and can constrict up to eight enemies at once.


Message History

Okawaru accepts your kill.
The orc warlord looks even sicker.
You kill the orc!
Okawaru accepts your kill.
The orc warlord is engulfed in poison gas.
The orc warlord looks even sicker.
The orc warlord roars a battlecry!
You hear a shout!
Unknown command.
It was a potion of cancellation.
Your magical effects are unravelling.
You feel magically purged.
Your toxic aura wanes.
The orc warlord is engulfed in poison gas.
The orc warlord looks as sick as possible!
Okay, then.
Okay, then.
Casting: Olgreb's Toxic Radiance (dangerous; 9% risk of failure)
Confirm with . or Enter, or press ? or * to list all spells.
You begin to radiate toxic energy.
The orc warlord looks as sick as possible!
The orc warlord is engulfed in poison gas.
The orc warlord looks as sick as possible!
An orc comes into view. It is wielding a +0 hand axe.
Casting: Olgreb's Toxic Radiance (dangerous; 9% risk of failure)
Confirm with . or Enter, or press ? or * to list all spells.
Your toxic radiance grows in intensity.
The orc warlord looks as sick as possible!
The orc is poisoned.
You kill the orc!
Okawaru accepts your kill.
The orc warlord is engulfed in poison gas.
The orc warlord looks as sick as possible!
Unknown command.
As you read the scroll of teleportation, it crumbles to dust.
You feel strangely unstable.
The orc warlord is engulfed in poison gas.
The orc warlord looks as sick as possible!
Unknown command.
The orc warlord looks as sick as possible!
Unknown command.
You barely miss the orc warlord. Your grab misses the orc warlord.
You squeeze the orc warlord.
The orc warlord is heavily wounded.
The orc warlord looks as sick as possible!
Your surroundings suddenly seem different.
An orc warrior comes into view. It is wielding a +0 war axe.
Found four items.
The orc warlord is engulfed in poison gas.
The orc warlord looks as sick as possible!
The orc warrior is poisoned.
Your toxic aura wanes.
The orc warlord looks as sick as possible!
Unknown command.
Casting: Olgreb's Toxic Radiance (dangerous; 9% risk of failure)
Confirm with . or Enter, or press ? or * to list all spells.
You begin to radiate toxic energy.
The orc warlord looks as sick as possible!
The orc warrior looks even sicker. x2; The orc warrior misses you.
The orc warlord is engulfed in poison gas.
The orc warlord looks as sick as possible!
You hit the orc warrior.
The orc warrior looks as sick as possible!
Your grab misses the orc warrior. Your squeeze misses the orc warrior.
The orc warrior is moderately wounded.
Your toxic aura wanes.
The orc warrior hits you with a +0 war axe!
You closely miss the orc warrior. You grab the orc warrior.
The orc warrior is heavily wounded.
You constrict the orc warrior. You block the orc warrior's attack.
Unknown command.
You hit the orc warrior.
The orc warrior looks as sick as possible!
The orc warrior is severely wounded.
You constrict the orc warrior. You block the orc warrior's attack.
Unknown command.
You hit the orc warrior.
The orc warrior looks as sick as possible!
The orc warrior is almost dead.
You constrict the orc warrior.
The orc warrior no longer looks unusually strong.
The orc warrior hits you with a +0 war axe.
The orc warlord roars a battlecry!
The orc warrior goes into a battle-frenzy!
Unknown command.
You hit the orc warrior.
You kill the orc warrior!
Okawaru accepts your kill.
Unknown command.
Items here: $ ) [ †.
You see here 25 gold pieces.
You see here the +0 fire dragon scales of Infinity {rF++ rC- rN++ Dex+3}.
The orc warlord closely misses you.
The orc warlord attacks as it pursues you!
The orc warlord hits you with a +7 battleaxe!!!
Ouch! That really hurt!
* * * LOW HITPOINT WARNING * * *
The orc warlord attacks as it pursues you!
The orc warlord hits you with a +7 battleaxe!!
You die...

###.#)#.)...###.###.....#)#.###
###.....###.###.....###.###)....#
#.........###"........###.).)....
........)..#$$....)...##8........
...........#$$......)..#8........
.....⌠.)...#?$$..).....'.....⌠...
...........#$.......)..#8........
...........#$$....)...##8........
#.........###[.o@.....###........
###.....###.###.....###.###.....#
###.#+#.....###.###.....#'#.###
###.........###......)..###
#......)....#.....)..).)#
#..........)#........)..#
#...).⌠.....#.....).....#
#...........'...).......#
#...........#...........#


You could see an orc warlord (very poisoned).

Vanquished Creatures
  Eustachio (D:4)
  An ice beast (D:5)
  10 orc warriors (Bailey)
  3 sky beasts (D:7)
  2 black bears
  An ogre (D:5)
  A centaur (D:5)
  2 phantoms
  2 kobold brigands
  5 scorpions
  A gnoll sergeant (D:7)
  2 bombardier beetles
  2 jellies (D:6)
  A gnoll bouda (D:5)
  5 hounds
  5 orc priests
  A sleepcap (D:5)
  An iguana (D:5)
  6 orc wizards
  Robin (D:4)
  11 gnolls
  10 adders
  5 river rats (Sewer)
  A shadow imp (D:6)
  2 white imps
  2 dart slugs
  26 orcs
  12 ball pythons
  6 endoplasms
  4 giant cockroaches
  20 goblins
  18 hobgoblins
  4 jackals (D:4)
  18 kobolds
  5 quokkas
  3 bats
  11 frilled lizards
  25 rats
236 creatures vanquished.

Notes
Turn   | Place    | Note
-------+----------+-------------------------------------------
     0 | D:1      | Flugkiller the Octopode Alchemist began the quest for the
                  | Orb.
     0 | D:1      | Reached XP level 1. HP: 11/11 MP: 3/3
   163 | D:1      | Reached XP level 2. HP: 17/17 MP: 0/5
   180 | D:2      | Found a faded altar of an unknown god.
   190 | D:2      | Prayed at the altar of an unknown god.
   190 | D:2      | Became a worshipper of Ru the Awakened
   236 | D:2      | Found an iron altar of Okawaru.
   244 | D:2      | Fell from the grace of Ru
   244 | D:2      | Became a worshipper of Warmaster Okawaru
   302 | D:2      | Reached XP level 3. HP: 17/21 MP: 1/7
   366 | D:2      | Got Vepniacw's Essays on Immolation and the Wendigo
   491 | D:3      | Found a bloodstained altar of Trog.
   734 | D:3      | Found a glowing drain.
   758 | Sewer    | Entered a sewer
   775 | Sewer    | Reached XP level 4. HP: 27/27 MP: 8/8
   794 | Sewer    | Learned a level 4 spell: Olgreb's Toxic Radiance
   981 | Sewer    | Reached XP level 5. HP: 30/31 MP: 10/10
  1114 | Sewer    | Reached skill level 5 in Alchemy
  1204 | Sewer    | Noticed a kobold brigand
  1241 | Sewer    | Killed a kobold brigand
  1241 | Sewer    | Reached * piety under Okawaru
  1553 | D:3      | Reached XP level 6. HP: 36/36 MP: 12/12
  1714 | D:3      | Found Naho's Assorted Antiques.
  1721 | D:3      | Bought a scroll labelled JAEQI SOOBAL for 27 gold pieces
  1721 | D:3      | Bought a scroll labelled TOTZA DOXZUY for 27 gold pieces
  1840 | D:4      | Noticed Robin
  1868 | D:4      | Killed Robin
  1884 | D:4      | Noticed Eustachio
  2005 | D:4      | Found Bikiklec's Assorted Antiques.
  2019 | D:4      | Bought a scroll labelled QITIVE SULOCEN for 20 gold pieces
  2029 | D:4      | Found a glowing silver altar of Zin.
  2050 | D:4      | Identified the +1 hand axe of the Powerful God {spect,
                  | rPois rC+ rCorr}
  2109 | D:4      | Killed Eustachio
  2110 | D:4      | Reached skill level 1 in Fighting
  2110 | D:4      | Reached skill level 1 in Invocations
  2110 | D:4      | Reached XP level 7. HP: 27/43 MP: 13/13
  2229 | D:4      | Found a glowing golden altar of the Shining One.
  2362 | D:5      | Entered Level 5 of the Dungeon
  2400 | D:5      | Reached skill level 1 in Unarmed Combat
  2406 | D:5      | Reached ** piety under Okawaru
  2407 | D:5      | Reached skill level 1 in Shapeshifting
  2428 | D:5      | Reached XP level 8. HP: 37/53 MP: 13/14
  2443 | D:5      | Reached skill level 2 in Shapeshifting
  2649 | D:5      | Reached skill level 3 in Shapeshifting
  2776 | D:5      | HP: 2/54 [asphyx]
  2782 | D:5      | Reached skill level 5 in Fighting
  2956 | D:5      | Found a stormy altar of Qazlal.
  3066 | D:5      | Reached skill level 4 in Shapeshifting
  3066 | D:5      | Reached XP level 9. HP: 55/61 MP: 9/15
  3158 | D:6      | Reached *** piety under Okawaru
  3202 | D:6      | Found Ekoonoph's Book Shop.
  3228 | D:6      | Found Fonku's Assorted Antiques.
  3252 | D:6      | Found Kozesh's Antique Weapon Shoppe.
  3316 | D:6      | Reached skill level 5 in Unarmed Combat
  3384 | D:7      | Found a hide-covered altar of Uskayaw.
  3406 | D:7      | Reached skill level 5 in Shapeshifting
  3484 | D:7      | Found a blossoming altar of Fedhas.
  3575 | D:6      | Found a sparkling altar of Nemelex Xobeh.
  3679 | D:7      | Found a burning altar of Makhleb.
  3680 | D:7      | Reached skill level 6 in Shapeshifting
  3696 | D:7      | Found an opulent altar of Gozag.
  3892 | D:7      | Found a flagged portal.
  3903 | Bailey   | Entered a bailey
  3956 | Bailey   | Reached skill level 7 in Shapeshifting
  3977 | Bailey   | HP: 2/61 [orc warrior/+0 war axe (17)]
  4174 | Bailey   | Reached **** piety under Okawaru
  4175 | Bailey   | Reached skill level 8 in Shapeshifting
  4180 | Bailey   | Reached XP level 10. HP: 66/66 MP: 12/16
  4365 | Bailey   | Noticed an orc warlord
  4385 | Bailey   | Identified the +0 fire dragon scales of Infinity {rF++ rC-
                  | rN++ Dex+3}
  4388 | Bailey   | Demolished by an orc warlord

Illustrated notes

Levels and vault maps discovered:
D:1:      dpeg_arrival_circle_labyrinth_a, layout_basic
D:2:      layout_basic, basic_altar, hellmonk_ecumenical_altar_crossroads
D:3:      layout_basic, trog_butcher_becter, portal_sewer_entry_b, serial_shops,
          shop, nicolae_concentric_dashed_squares_wild, minmay_lizard_king,
          uniq_jessica
D:4:      kennysheep_big_flooded_room, layout_basic, zin_academy,
          mainiacjoe_overflow_cross_hatched, kennysheep_mini, serial_shops,
          shop, minmay_distorted, uniq_eustachio, uniq_robin
D:5:      kennysheep_windowed_halls, layout_basic, lemuel_tele_altar
D:6:      layout_loops_ring, mainiacjoe_overflow_paths,
          minmay_temple_entry_poolview, serial_rivers,
          chequers_serial_rivers_small_3, chequers_serial_rivers_marsh,
          chequers_serial_rivers_micro_d, chequers_serial_rivers_room_a,
          serial_shops, nicolae_shop_advertising_works
          [nicolae_subvault_shop_adworks], shop, nicolae_shop_real_fake_doors
D:7:      layout_loops_corners, lemuel_crystal_altar,
          mainiacjoe_overflow_small_starburst, bloody_makhleb,
          grunt_temple_overflow_open, nicolae_gozag_seed_capital,
          enter_bailey_2, serial_rivers, chequers_serial_rivers_large_a,
          chequers_serial_rivers_room_b, chequers_serial_rivers_room_b,
          chequers_serial_rivers_micro_e, chequers_serial_rivers_small_3,
          chequers_serial_rivers_micro_b
Bailey:   bailey_axe_minmay_hex_keep, bailey

Skill      XL: |  1  2  3  4  5  6  7  8  9 |
---------------+----------------------------+-----
Alchemy        | 4 5 6 7 |  7.0
Spellcasting   | 3 4 |  4.1
Fighting       | 1 3 5 |  5.0
Invocations    | 1 2 |  2.0
Unarmed Combat | 1 4 5 |  5.0
Shapeshifting  | 1 4 8 |  8.8
Dodging        | |  2.0
Stealth        | |  2.6
Conjurations   | |  1.0

Action                     |  1- 3 |  4- 6 |  7- 9 | 10-12 || total
---------------------------+-------+-------+-------+-------++-------
  Melee: Unarmed           |     4 |       |       |       ||     4
         Staff             |    10 |       |       |       ||    10
         Constrict         |     7 |    12 |    15 |     2 ||    36
         Tentacles         |     4 |    13 |    25 |     3 ||    45
         Dagger            |    12 |    44 |    48 |    10 ||   114
         Hand axe          |       |       |    25 |       ||    25
         Punch             |       |       |     6 |       ||     6
   Cast: Sting             |    39 |   120 |   115 |     4 ||   278
         Olgreb's Toxic Ra |       |       |    35 |     9 ||    44
 Invoke: Heroism           |       |       |     2 |       ||     2
    Use: Potion            |       |     1 |     3 |     1 ||     5
         Scroll            |       |     4 |     9 |     2 ||    15
   Stab: Sleeping          |       |       |     1 |       ||     1
 Armour: Skin              |    16 |    37 |    76 |     7 ||   136
  Dodge: Dodged            |    24 |    51 |    68 |     3 ||   146
  Block: Other             |       |     5 |    21 |       ||    26
         Buckler           |       |       |     4 |     4 ||     8

Table legend: (Time is in decaauts)
 A = Elapsed time spent in this place.
 B = Non-inter-level travel time spent in this place.
 C = Inter-level travel time spent in this place.
 D = Time resting spent in this place.
 E = Time spent auto-exploring this place.
 F = Levels seen in this place.
 G = Mean time per level.
                   A        B        C        D        E       F      G
               +--------+--------+--------+--------+--------+-----+--------+
         Total |   4394 |   4055 |    339 |    484 |    190 |   9 |  488.2 |
       Dungeon |   3131 |   2792 |    339 |      0 |      0 |   7 |  447.3 |
         Sewer |    776 |    776 |      0 |    237 |    190 |   1 |  776.0 |
        Bailey |    486 |    486 |      0 |    247 |      0 |   1 |  486.0 |
               +--------+--------+--------+--------+--------+-----+--------+

Top non-repeatable levels by time:
     D:5: 778 daAuts
   Sewer: 776 daAuts
     D:3: 647 daAuts
     D:7: 486 daAuts
  Bailey: 486 daAuts
     D:4: 424 daAuts
     D:6: 281 daAuts
     D:2: 279 daAuts
     D:1: 233 daAuts
